 Dungeon Crawl Stone Soup version 0.30-a0-972-gf3ab3527aa (webtiles) character file.

Game seed: 1742148612339692760

156 cforsyth the Trooper (level 5, -19/43 HPs)
             Began as a Formicid Fighter on Mar 31, 2023.
             Demolished by an ogre
             ... wielding a +0 giant club
              (30 damage)
             ... on level 4 of the Dungeon.
             The game lasted 00:03:32 (2044 turns).

cforsyth the Trooper (Formicid Fighter)             Turns: 2044, Time: 00:03:33

Health: -19/43     AC:  6    Str: 23    XL:     5   Next: 65%
Magic:  5/5        EV:  9    Int:  7    God:
Gold:   340        SH: 10    Dex: 13    Spells: 4/4 levels left

rFire   + . .      SeeInvis +    a - +0 flail
rCold   . . .      Faith    .    c - +0 buckler
rNeg    . . .      Spirit   .    b - +0 scale mail
rPois   .          Reflect  +    (helmet unavailable)
rElec   .          Rampage  .    (no cloak)
rCorr   .                        (no gloves)
Will    .....                    (no boots) Stlth
                                 e - amulet of reflection
HPRegen 0.27/turn                g - ring of protection from fire
MPRegen 0.09/turn                (no ring)

@: no status effects
A: permanent stasis, dig shafts and tunnels, antennae 3, four strong arms
a: Dig, Shaft Self


You were on level 4 of the Dungeon.
You visited 1 branch of the dungeon, and saw 4 of its levels.

You collected 340 gold pieces.

Inventory:

Hand Weapons
 a - a +0 flail (weapon)
Armour
 b - a +0 scale mail (worn)
 c - a +0 buckler (worn)
Jewellery
 e - an amulet of reflection (around neck)
 g - a ring of protection from fire (left hand)
 m - a ring of fire
Scrolls
 f - 2 scrolls of vulnerability {unknown}
 h - a scroll of teleportation {unknown}
 i - 8 scrolls of identify {unknown}
 j - a scroll of fog {unknown}
 k - 2 scrolls of enchant weapon {unknown}
 l - a scroll of brand weapon {unknown}
 n - a scroll of magic mapping {unknown}
 o - a scroll of noise {unknown}
 u - a scroll of immolation {unknown}
 y - a scroll of enchant armour {unknown}
Potions
 d - 2 potions of might
 p - a potion of berserk rage {unknown}
 q - a potion of curing {unknown}
 r - a potion of heal wounds {unknown}
 s - 2 potions of attraction {unknown}
 t - a potion of brilliance {unknown}
 v - a potion of cancellation {unknown}
 w - a potion of mutation {unknown}
 x - a potion of magic {unknown}
 z - a potion of degeneration {unknown}


   Skills:
 + Level 4.5 Fighting
 * Level 4.5 Maces & Flails
 - Level 3.2 Armour
 - Level 4.0 Shields


You had 4 spell levels left.
You didn't know any spells.
Your spell library contained the following spells:

 Spells                   Type           Power      Damage    Failure   Level
 Hailstorm                Conj/Ice       0%         3d3       99%         3
 Ignite Poison            Fire/Tmut/Pois 0%         N/A       99%         3
 Kindle Blastsparks       Fire/Tloc/Air  0%         2d10      99%         3
 Ice Form                 Ice/Tmut       0%         N/A       100%        4
 Freezing Cloud           Conj/Ice/Air   0%         6-21      100%        5
 Simulacrum               Ice/Necr       0%         N/A       100%        6


Dungeon Overview and Level Annotations

Branches:
Dungeon (4/15)
 Temple: D:4-7

Altars:
Dithmenos
Nemelex Xobeh
Zin
The Shining One


Innate Abilities, Weirdness & Mutations

You cannot be hasted, slowed, berserked, paralysed or teleported.
You can dig through walls and to a lower floor.
You have a pair of large antennae on your head. (SInv)
Your four strong arms can wield two-handed weapons with a shield.


Message History

You see here a ball python corpse.
A hound comes into view.
The hound barks!
A hound is nearby!
A hound is nearby!
A hound is nearby!
A hound is nearby!
An ogre comes into view. It is wielding a +0 giant club.
The ogre shouts!
You sock the hound!
The hound is heavily wounded.
The hound bites you but does no damage. x2
You hit the hound.
The hound is severely wounded.
The hound bites you but does no damage. You block the hound's attack.
You hit the hound but do no damage.
The hound is severely wounded.
You block the hound's attack.
You sock the hound!
You kill the hound!
The ogre hits you with a +0 giant club.
You hit the ogre.
The ogre is lightly wounded.
The ogre hits you with a +0 giant club!!
Ouch! That really hurt!
* * * LOW HITPOINT WARNING * * *
You are too injured to fight recklessly!
You are too injured to fight recklessly!
You are too injured to fight recklessly!
You are too injured to fight recklessly!
You are too injured to fight recklessly!
You are too injured to fight recklessly!
You are too injured to fight recklessly!
You are too injured to fight recklessly!
You are too injured to fight recklessly!
You barely miss the ogre.
The ogre is lightly wounded.
The ogre hits you with a +0 giant club!!
Ouch! That really hurt!
You die...

# { # # ##########
.##.........
.>......####
[..####.####
..#################.....
......O@...>............
########################


You could see an ogre.

Vanquished Creatures
  2 hounds (D:4)
  An adder (D:2)
  A gnoll (D:1)
  2 dart slugs
  An orc (D:4)
  3 bats
  6 endoplasms
  3 giant cockroaches (D:2)
  5 goblins
  3 hobgoblins
  8 jackals
  5 quokkas
  10 ball pythons
  5 frilled lizards
  4 kobolds
  8 rats
67 creatures vanquished.

Notes
Turn   | Place    | Note
-------+----------+-------------------------------------------
     0 | D:1      | cforsyth the Formicid Fighter began the quest for the Orb.
     0 | D:1      | Reached XP level 1. HP: 18/18 MP: 1/1
   169 | D:1      | Reached XP level 2. HP: 24/24 MP: 2/2
   258 | D:1      | Found a sparkling altar of Nemelex Xobeh.
   419 | D:1      | Reached XP level 3. HP: 22/30 MP: 3/3
   827 | D:2      | Reached XP level 4. HP: 36/37 MP: 4/4
  1134 | D:2      | Identified the staff of cold "Ahaoluh" {rC+ Will+ Str+5
                  | Dex+3}
  1517 | D:3      | Found a glowing silver altar of Zin.
  1812 | D:4      | Reached XP level 5. HP: 43/43 MP: 5/5
  1933 | D:4      | Found a shadowy altar of Dithmenos.
  1943 | D:4      | Found a glowing golden altar of the Shining One.
  2037 | D:4      | Noticed an ogre
  2044 | D:4      | Demolished by an ogre

Illustrated notes

Levels and vault maps discovered:
D:1:      dpeg_arrival_rooms_b, layout_basic, minmay_hexomino_r4
D:2:      layout_loops_cross, minmay_crystal_room
D:3:      layout_rooms, mainiacjoe_overflow_six_doors_small
D:4:      minmay_evil_eye, layout_rooms, grunt_temple_overflow_open

Skill      XL: |  1  2  3  4 |
---------------+-------------+-----
Maces & Flails | 3 4 |  4.5
Fighting       | 4 |  4.5
Armour         | |  3.2
Shields        | |  4.0

Action                     |  1- 3 |  4- 6 || total
---------------------------+-------+-------++-------
  Melee: Flail             |    81 |    99 ||   180
 Armour: Scale mail        |    39 |    40 ||    79
  Dodge: Dodged            |    48 |    33 ||    81
  Block: Buckler           |    46 |    77 ||   123
         Reflection        |     2 |     5 ||     7

Table legend: (Time is in decaauts)
 A = Elapsed time spent in this place.
 B = Non-inter-level travel time spent in this place.
 C = Inter-level travel time spent in this place.
 D = Time resting spent in this place.
 E = Time spent auto-exploring this place.
 F = Levels seen in this place.
 G = Mean time per level.
                   A        B        C        D        E       F      G
               +--------+--------+--------+--------+--------+-----+--------+
         Total |   2088 |   1987 |    101 |      0 |   1526 |   4 |  522.0 |
       Dungeon |   2088 |   1987 |    101 |      0 |   1526 |   4 |  522.0 |
               +--------+--------+--------+--------+--------+-----+--------+

Top non-repeatable levels by time:
     D:1: 700 daAuts
     D:2: 700 daAuts
     D:3: 413 daAuts
     D:4: 273 daAuts
